 Dungeon Crawl Stone Soup version 0.27.0-1-g7a089689b8 (webtiles) character file.

Game seed: 5021278288007474225

264574 DocSulfur the Destroyer (level 18, -17/151 HPs)
             Began as a Demigod Summoner on Aug 3, 2021.
             Demolished by a white very ugly thing (44 damage)
             ... on level 1 of the Depths.
             The game lasted 05:08:06 (51645 turns).

DocSulfur the Destroyer (Demigod Summoner)         Turns: 51645, Time: 05:08:07

Health: -17/151    AC:  8    Str:  9    XL:     18   Next: 57%
Magic:  31/48      EV: 15    Int: 41    God:
Gold:   1862       SH:  5    Dex: 14    Spells: 2/41 levels left

rFire    . . .     SeeInvis +   v - +4 whip of Wrongful Imprisonment {protect, *Noise rElec MP+9 SInv}
rCold    . . .     Faith    .   h - +0 buckler
rNeg     + + .     Spirit   .   Y - +0 troll leather armour
rPois    .         Reflect  .   (helmet restricted)
rElec    +         Harm     .   N - +1 cloak {rCorr}
rCorr    +         Rampage  .   Q - +1 pair of gloves {Stlth+}
Will     ++...     Clarity  +   w - +1 pair of boots "Ydupsiuc" {rN+}
Stlth    +++.......             L - amulet of Coluoff {Acrobat Fly rN+}
HPRegen  1.35/turn              J - +4 ring of evasion
MPRegen  0.31/turn              P - ring of willpower

@: flying, hasted, very quick
A: high mp 1, forlorn, horns 1, clarity, deformed body
}: 2/15 runes: barnacled, gossamer
a: no special abilities


You were on level 1 of the Depths.
You visited 7 branches of the dungeon, and saw 33 of its levels.
You visited 1 bazaar.
You also visited: Ossuary and Bailey.

You collected 5509 gold pieces.
You spent 3647 gold pieces at shops.

Inventory:

Hand Weapons
 v - the +4 whip of Wrongful Imprisonment (weapon) {protect, *Noise rElec MP+9 SInv}
   (You found it on level 6 of the Dungeon)

   It grants its wielder temporary protection when it strikes (+7 to AC).
   rElec:     It insulates you from electricity.
   MP:        It affects your magic capacity (+9).
   SInv:      It lets you see invisible.
   *Noise:    It may make noises in combat.
 Z - a +5 demon trident of freezing
Missiles
 a - 10 throwing nets
 K - 6 silver boomerangs
 R - 29 javelins
 X - 14 boomerangs of dispersal
Armour
 e - a +2 robe of resistance
 h - a +0 buckler (worn)
 n - a +0 robe of the Archmagi
 s - a +0 pair of boots
 w - the +1 pair of boots "Ydupsiuc" (worn) {rN+}
   (You found it on level 1 of the Depths)

   rN:        It protects you from negative energy.
 I - a +0 robe of willpower
 N - a +1 cloak of preservation (worn)
 O - the +0 leather armour "Betuvoym" {Fly rElec Str+4}
   (You took it off a merfolk impaler on level 4 of the Shoals)

   Str:       It affects your strength (+4).
   rElec:     It insulates you from electricity.
   Fly:       It grants you flight.
 Q - a +1 pair of gloves of stealth (worn)
 Y - a +0 troll leather armour (worn)
Magical Staves
 E - a staff of death
 T - a staff of conjuration
 W - a staff of cold
Jewellery
 i - an amulet of regeneration
 l - a ring of see invisible
 p - a ring of protection from cold
 J - a +4 ring of evasion (left hand)
 L - the amulet of Coluoff (around neck) {Acrobat Fly rN+}
   (You found it on level 1 of the Orcish Mines)

   [amulet of the acrobat]

   It increases your evasion while moving and waiting.
   rN:        It protects you from negative energy.
   Fly:       It grants you flight.
 P - a ring of willpower (right hand)
Wands
 r - a wand of paralysis (42)
 x - a wand of iceblast (7)
 z - a wand of digging (16)
 F - a wand of acid (23)
Scrolls
 c - 3 scrolls of fear
 j - 3 scrolls of summoning
 m - 3 scrolls of amnesia
 y - 3 scrolls of holy word
 A - 2 scrolls of enchant armour
 C - 15 scrolls of teleportation
 D - 3 scrolls of identify
 H - 6 scrolls of magic mapping
 U - 4 scrolls of fog
 V - 12 scrolls of immolation
Potions
 b - a potion of magic
 d - 10 potions of curing
 f - 7 potions of lignification
 g - 5 potions of brilliance
 k - 15 potions of ambrosia
 o - a potion of invisibility
 q - 7 potions of attraction
 t - a potion of resistance
 u - a potion of haste
 G - 5 potions of cancellation
 M - 2 potions of heal wounds
 S - 3 potions of mutation


   Skills:
 + Level 11.6 Fighting
 - Level 1.7 Dodging
 - Level 2.0 Stealth
 - Level 4.0 Shields
 - Level 12.0 Spellcasting
 + Level 14.9 Conjurations
 - Level 7.0 Summonings
 - Level 10.0 Necromancy
 - Level 8.0 Transmutations
 - Level 10.0 Fire Magic
 - Level 7.0 Air Magic
 + Level 14.9 Earth Magic


You had 2 spell levels left.
You knew the following spells:

 Your Spells              Type           Power      Damage    Failure   Level
a - Fireball              Conj/Fire      45%        3d18      1%          5
b - Summon Lightning Spi  Summ/Air       70%        N/A       1%          4
c - Call Canine Familiar  Summ           70%        N/A       1%          3
d - Sticky Flame          Conj/Fire      91%        2d10      1%          4
e - Call Imp              Summ           70%        N/A       1%          2
f - Summon Small Mammal   Summ           100%       N/A       1%          1
g - Sublimation of Blood  Necr           41%        N/A       1%          2
h - Irradiate             Conj/Tmut      43%        3d28      1%          5
i - Borgnjor's Vile Clut  Necr/Erth      45%        N/A       1%          5
j - Stone Arrow           Conj/Erth      100%       3d13      0%          3
k - Bolt of Magma         Conj/Fire/Erth 46%        4d19      1%          5

Your spell library contained the following spells:

 Spells                   Type           Power      Damage    Failure   Level
 Magic Dart               Conj           100%       1d8       0%          1
 Corona                   Hex            26%        N/A       1%          1
 Corpse Rot               Necr/Air       N/A        N/A       1%          2
 Static Discharge         Conj/Air       85%        N/A       1%          2
 Blink                    Tloc           N/A        N/A       2%          2
 Ensorcelled Hibernation  Hex/Ice        48%        N/A       2%          2
 Conjure Flame            Conj/Fire      91%        6-21      1%          3
 Dazzling Flash           Conj/Hex       100%       N/A       1%          3
 Ignite Poison            Fire/Tmut/Pois 65%        N/A       1%          3
 Mephitic Cloud           Conj/Pois/Air  71%        N/A       1%          3
 Summon Guardian Golem    Hex/Summ       52%        N/A       1%          3
 Vampiric Draining        Necr           41%        2d11      1%          3
 Animate Armour           Summ/Erth      100%       N/A       1%          4
 Animate Dead             Necr           41%        N/A       1%          4
 Dispel Undead            Necr           82%        3d27      1%          4
 Hailstorm                Conj/Ice       72%        3d15      1%          4
 Iskenderun's Mystic Bla  Conj/Tloc      72%        2d15      1%          4
 Leda's Liquefaction      Hex/Erth       36%        N/A       1%          4
 Petrify                  Tmut/Erth      87%        N/A       1%          4
 Blade Hands              Tmut           37%        N/A       1%          5
 Lightning Bolt           Conj/Air       42%        1d62      1%          5
 Starburst                Conj/Fire      45%        8x6d13    1%          6
 Freezing Cloud           Conj/Ice/Air   35%        6-21      2%          5
 Statue Form              Tmut/Erth      58%        N/A       2%          6
 Ice Form                 Ice/Tmut       55%        N/A       3%          4
 Death Channel            Necr           41%        N/A       4%          6
 Gell's Gravitas          Tloc           12%        N/A       5%          3
 Lesser Beckoning         Tloc           12%        N/A       5%          3
 Ozocubu's Armour         Ice            24%        N/A       5%          3
 Teleport Other           Tloc           24%        N/A       5%          3
 Tukima's Dance           Hex            24%        N/A       5%          3
 Yara's Violent Unravell  Hex/Tmut       27%        3d12      10%         5
 Summon Mana Viper        Hex/Summ       52%        N/A       12%         5
 Simulacrum               Ice/Necr       30%        N/A       36%         6
 Manifold Assault         Tloc           24%        N/A       45%         5
 Ignition                 Fire           41%        3d12      90%         8
 Dispersal                Tloc           12%        N/A       96%         6
 Ozocubu's Refrigeration  Ice            12%        4d7       100%        7
 Discord                  Hex            12%        N/A       100%        8
 Maxwell's Capacitive Co  Air            35%        ∞         100%        8
 Fire Storm               Conj/Fire      45%        8d12      100%        9


Dungeon Overview and Level Annotations

Branches:
Dungeon (15/15)            Temple (0/1) D:6            Lair (6/6) D:10
 Shoals (4/4) Lair:3       Spider (4/4) Lair:2        Slime (0/5) Lair:5
    Orc (2/2) D:9             Elf (1/3) Orc:2        Vaults (0/5) D:13
 Depths (1/5) D:15        Ossuary (visited)          Bailey (visited)

Shops:
D:4 !   Orc:1 ?(:   Orc:2 :(*![   Shoals:2 ?   Shoals:4 *!([   Depths:1 =

Annotations:
Lair:2 2 transporters
Shoals:4 exclusions: Mara and 2 more exclusions
Depths:1 the Enchantress


Innate Abilities, Weirdness & Mutations

Your attributes grow dramatically as you level up.
You have an increased reservoir of magic. (+10% MP)
You shall have no god before yourself.
You have a pair of small horns on your head.
You possess an exceptional clarity of mind.
Armour fits poorly on your strangely shaped body.


Message History

Press: ? - help, Q - select action, (/) - cycle Dir - look around, f - activate You draw magical energy from your own body!
The zombie hands constrict the white very ugly thing!
The zombie hands constrict the white ugly thing!
The white ugly thing struggles to escape constriction.
The white very ugly thing struggles to escape constriction.
A white very ugly thing comes into view.
Casting: Sublimation of Blood (safe; 1% risk of failure)
Confirm with . or Enter, or press ? or * to list all spells.
Aiming: Borgnjor's Vile Clutch (mildly dangerous; 1% risk of failure)
Press: ? - help, Shift-Dir - straight line, f - white very ugly thing
Aim: a white very ugly thing (wandering, hasn't noticed you, 100% to hit)
The white ugly thing is unaffected.
The white very ugly thing is unaffected.
Zombie hands grab the white very ugly thing.
The zombie hands constrict the white very ugly thing.
The zombie hands constrict the white very ugly thing!
The zombie hands constrict the white ugly thing!
You hear a horrible gurgling sound!
The white ugly thing basks in the mutagenic energy from its kin and changes!
The white very ugly thing struggles to escape constriction. x2
You hear a horrible gurgling sound!
The zombie hands lose their grip on something. x2 2 very ugly things come into view.
The zombie hands constrict the purple ugly thing.
You kill the purple ugly thing!
The white very ugly thing gurgles horribly!
The white very ugly thing basks in the mutagenic energy from its kin and changes!
The white very ugly thing claws you!!
The white very ugly thing freezes you!!!
* * * LOW HITPOINT WARNING * * *
Okay, then.
Okay, then.
You feel much better.
The white very ugly thing barely misses you.
The white very ugly thing basks in the mutagenic energy from its kin and changes!
You feel yourself speed up. The white very ugly thing claws you!!
* * * LOW HITPOINT WARNING * * *
The white very ugly thing freezes you!!!
You die...

# ###### ## #....#### ##.
####†...### #.. #...###...#
##. #....u.##.# ##
#.........## # #.......u.u.#
#.#....uu..@##########
#.#...............##.##
u..##.............##..#
#......###......#..#...######
###...#.....#.......#....
....#......#...........
....#......#...........
...#.......#...........
#.#......#........./


You could see 4 very ugly things and a purple ugly thing.

Vanquished Creatures
  Mara (Shoals:4)
  Bai Suzhen (Depths:1)
  Nikola (Shoals:4)
  Arachne (Spider:3)
  2 quicksilver dragons
  A kraken (Shoals:3)
  3 sphinxes (Depths:1)
  A shadow dragon (Depths:1)
  Agnes (Spider:2)
  Roxanne (Shoals:4)
  Kirke (D:14)
  A fire giant (Depths:1)
  6 ghost moths
  8 emperor scorpions
  An orc warlord (Orc:2)
  Aizul (Shoals:4)
  3 very ugly things
  5 stone giants
  A deep elf demonologist (Elf:1)
  4 spark wasps
  3 entropy weavers
  A merfolk javelineer (Shoals:4)
  A deep elf death mage (Elf:1)
  4 ettins (Depths:1)
  8 merfolk impalers
  3 fire dragons
  2 ice dragons
  14 boulder beetles
  9 hydras
  A rakshasa (D:15)
  2 great orbs of eyes (Depths:1)
  Fannar (D:10)
  An alligator snapping turtle (Shoals:4)
  3 catoblepae
  4 centaur warriors
  5 ogre magi
  2 merfolk avatars (Shoals:4)
  3 dancing weapons (Elf:1)
  A deep troll earth mage (Depths:1)
  3 satyrs
  14 two-headed ogres
  3 deep troll shamans (Depths:1)
  A tengu warrior (Depths:1)
  2 orc high priests
  2 iron trolls
  3 skeletal warriors
  5 sea snakes
  5 deep trolls
  3 death drakes (Depths:1)
  A kraken simulacrum (Shoals:4)
  A lindwurm (Lair:6)
  A wizard (D:15)
  4 deep elf archers (Elf:1)
  7 deep elf zephyrmancers
  23 orb spiders
  4 necromancers
  8 harpies
  A sphinx zombie (Depths:1)
  20 wolf spiders
  4 orc sorcerers (Orc:2)
  3 cyclopes
  8 fauns
  4 orc knights
  14 deep elf pyromancers
  A stone giant zombie (Depths:1)
  A moth of wrath (Orc:1)
  11 manticores
  18 ugly things
  A guardian serpent (shapeshifter) (D:15)
  A frost giant skeleton (Depths:1)
  2 black mambas (Lair:6)
  4 water nymphs
  10 merfolk sirens
  6 elephants
  2 torpor snails
  3 molten gargoyles (Lair:6)
  A gargoyle (D:11)
  3 cane toads (Lair:6)
  6 rime drakes
  6 komodo dragons (Lair:6)
  A rime drake (shapeshifter) (D:14)
  21 demonic crawlers
  An efreet (D:12)
  2 tengu conjurers (D:13)
  A redback zombie (Spider:3)
  25 merfolk
  2 polar bears (Lair:6)
  7 wind drakes
  4 trolls
  A queen bee (D:13)
  2 meliai (shapeshifter)
  3 meliai (D:13)
  A wind drake (shapeshifter) (D:13)
  18 jumping spiders
  An ettin zombie (Depths:1)
  A moth of wrath zombie (Spider:3)
  Grinder (D:4)
  10 blink frogs
  8 hornets
  5 slime creatures
  2 jumping spider zombies (Spider:3)
  A tarantella zombie (Spider:3)
  2 snapping turtles (Shoals:4)
  An air elemental (Elf:1)
  23 tarantellas
  A vampire (D:12)
  21 yaks
  11 water elementals
  A hog (D:14)
  4 basilisks
  A wraith (D:12)
  76 redbacks
  12 wyverns
  3 steam dragons (Lair:6)
  2 large abominations (Elf:1)
  10 wargs
  7 vampire mosquitoes
  4 water moccasins
  12 orc warriors
  A fire dragon simulacrum (Depths:1)
  3 hell hounds (Lair:6)
  A necrophage (D:5)
  A hornet zombie (D:9)
  2 black bears
  17 centaurs
  14 ogres
  A wolf (Lair:3)
  3 elf zombies (Elf:1)
  A kobold brigand (D:7)
  Blork the orc (D:4)
  16 bullfrogs
  A gnoll sergeant (D:7)
  25 scorpions
  A water moccasin skeleton (D:4)
  16 killer bees (D:13)
  A wight (D:8)
  2 howler monkeys
  5 lava snakes (Lair:6)
  2 centaur zombies
  2 jellies
  A hound (D:6)
  A bullfrog skeleton (D:5)
  7 orc priests
  Jessica (D:11)
  Natasha (D:2)
  5 orc wizards
  4 hell rats (D:15)
  3 mummies (Ossuary)
  5 gnolls (D:7)
  2 adders
  3 white imps
  An ufetubus (D:5)
  An adder skeleton (D:4)
  3 dart slugs
  24 orcs
  2 endoplasms
  3 giant cockroaches
  5 goblins
  2 hobgoblins
  3 jackals (D:3)
  7 kobolds (D:7)
  3 quokkas
  A ball python (D:3)
  6 bats
  2 frilled lizards (D:1)
  3 gnoll skeletons (Ossuary)
  5 gnoll zombies (Ossuary)
  3 goblin skeletons (Ossuary)
  5 goblin zombies (Ossuary)
  5 hobgoblin skeletons (Ossuary)
  3 hobgoblin zombies (Ossuary)
  3 kobold skeletons (Ossuary)
  A kobold zombie (Ossuary)
  3 orc skeletons (Ossuary)
  2 orc zombies (Ossuary)
  A rat (D:2)
  2 rat zombies (Ossuary)
  2 tentacles (Shoals:4)
891 creatures vanquished.

Vanquished Creatures (collateral kills)
  2 emperor scorpions
  An entropy weaver (Spider:2)
  The ghost of Araneus the Basher, a journeyman DsFi of Okawaru (Orc:1)
  A merfolk impaler (Shoals:4)
  Harold (D:7)
  2 hydras
  2 boulder beetles
  5 two-headed ogres
  2 tengu warriors
  3 orc high priests (Orc:1)
  A deep troll (Orc:1)
  A swamp dragon (shapeshifter) (D:13)
  2 ugly things (D:14)
  Pikel (D:9)
  3 orc knights
  A harpy (Shoals:1)
  An orc sorcerer (Orc:1)
  3 wolf spiders
  A moth of wrath (Spider:3)
  A manticore (Shoals:1)
  A moth of wrath (shapeshifter) (D:13)
  5 elephants
  5 cane toads
  2 unseen horrors
  A rime drake (Lair:4)
  A tengu conjurer (Depths:1)
  5 komodo dragons
  A demonic crawler (Spider:3)
  3 jumping spiders
  5 trolls
  3 polar bears
  3 snapping turtles (Shoals:4)
  A tarantella zombie (Spider:3)
  3 hornets
  2 slime creatures (D:12)
  7 blink frogs
  11 redbacks
  A wraith (D:10)
  A wyvern (D:11)
  29 yaks
  2 vampire mosquitoes (Spider:3)
  3 basilisks
  Menkaure (Ossuary)
  4 wargs (Orc:1)
  An acid dragon (D:10)
  8 water moccasins
  23 orc warriors
  A black bear (D:6)
  5 wolves
  5 centaurs (Bailey)
  3 ogres
  4 bullfrogs
  A scorpion (D:7)
  A gnoll sergeant (D:8)
  A water moccasin skeleton (D:7)
  3 wights (D:8)
  A hound (D:6)
  A centaur zombie (D:6)
  A gnoll shaman (Orc:1)
  2 centaur skeletons
  9 orc priests
  2 iguanas
  Natasha (twice) (D:2)
  4 orc wizards
  A hell rat (D:15)
  13 gnolls
  An adder (D:4)
  A worm (D:2)
  A dart slug (D:3)
  42 orcs
  4 endoplasms
  2 gnoll zombies (Ossuary)
  5 goblins
  A hobgoblin (D:4)
  A jackal (D:3)
  3 kobolds
  A quokka (D:1)
  A ball python (D:1)
  A bat (D:1)
  A frilled lizard (D:2)
  3 gnoll skeletons (Ossuary)
  2 goblin skeletons (Ossuary)
  A hobgoblin skeleton (Ossuary)
  2 kobold zombies (Ossuary)
  2 orc skeletons (Ossuary)
  An orc zombie (Ossuary)
  A rat (D:3)
  2 rat zombies (Ossuary)
306 creatures vanquished.

Vanquished Creatures (others)
  57 fungi
  64 plants
  9 tentacles
130 creatures vanquished.

Grand Total: 1327 creatures vanquished

Notes
Turn   | Place    | Note
-------+----------+-------------------------------------------
     0 | D:1      | DocSulfur the Demigod Summoner began the quest for the Orb.
     0 | D:1      | Reached XP level 1. HP: 14/14 MP: 5/5
   762 | D:1      | Reached XP level 2. HP: 3/20 MP: 4/7
  1520 | D:2      | Learned a level 2 spell: Call Imp
  1529 | D:2      | Noticed Natasha
  2318 | D:3      | Reached XP level 3. HP: 22/26 MP: 5/9
  2548 | D:3      | Learned a level 3 spell: Call Canine Familiar
  2740 | D:4      | Noticed a black bear
  2743 | D:4      | Noticed an ogre
  2829 | D:4      | Noticed Grinder
  2833 | D:4      | Killed an ogre
  2834 | D:4      | Reached XP level 4. HP: 33/33 MP: 4/11
  3071 | D:4      | Killed a black bear
  3072 | D:4      | Reached skill level 5 in Summonings
  3072 | D:4      | Reached XP level 5. HP: 38/38 MP: 0/12
  3162 | D:4      | Paralysed by Grinder for 6 turns
  3377 | D:4      | Found Ceupie's Distillery.
  3401 | D:4      | Noticed Blork the orc
  3416 | D:4      | Killed Blork the orc
  3443 | D:4      | Reached skill level 1 in Air Magic
  3483 | D:4      | Reached XP level 6. HP: 45/45 MP: 8/13
  3556 | D:4      | Paralysed by Grinder for 5 turns
  3602 | D:4      | Killed Grinder
  4334 | D:2      | Killed Natasha
  4402 | D:2      | Noticed Natasha
  4410 | D:2      | Killed Natasha
  4538 | D:2      | Noticed Natasha
  4552 | D:2      | Killed Natasha
  4778 | D:5      | Entered Level 5 of the Dungeon
  4807 | D:5      | Reached skill level 1 in Fighting
  4807 | D:5      | Reached XP level 7. HP: 43/52 MP: 9/14
  4992 | D:4      | Bought 2 potions of heal wounds for 100 gold pieces
  5155 | D:5      | Learned a level 4 spell: Summon Lightning Spire
  6264 | D:6      | Found a staircase to the Ecumenical Temple.
  6307 | D:6      | Reached skill level 1 in Conjurations
  6307 | D:6      | Reached skill level 1 in Fire Magic
  6402 | D:6      | Found a sand-covered staircase.
  6482 | D:6      | Identified the +4 whip of Wrongful Imprisonment {protect,
                  | *Noise rElec MP+9 SInv}
  6520 | Ossuary  | Entered an ossuary
  6827 | Ossuary  | Noticed Menkaure
  6893 | Ossuary  | Killed Menkaure
  6900 | Ossuary  | Reached XP level 8. HP: 36/66 MP: 12/16
  7089 | Ossuary  | Identified a scroll of acquirement
  7091 | Ossuary  | Acquired 722 gold pieces
  7799 | D:7      | Reached skill level 5 in Air Magic
  7960 | D:7      | Noticed Harold
  8436 | D:7      | Killed Harold
  8437 | D:7      | Reached skill level 5 in Fighting
  9013 | D:8      | Noticed a two-headed ogre
  9228 | D:8      | Reached XP level 9. HP: 69/75 MP: 18/18
 10172 | D:8      | Killed a two-headed ogre
 10542 | D:9      | Noticed Pikel
 10553 | D:9      | Killed Pikel
 10625 | D:9      | Found a flagged portal.
 10631 | D:9      | Noticed an unseen horror
 10659 | D:9      | Killed an unseen horror
 10700 | Bailey   | Entered a bailey
 11011 | Bailey   | Reached XP level 10. HP: 83/83 MP: 16/19
 11087 | Bailey   | Reached skill level 5 in Fire Magic
 11129 | Bailey   | Reached skill level 5 in Conjurations
 12164 | D:9      | Found a staircase to the Orcish Mines.
 12182 | D:10     | Entered Level 10 of the Dungeon
 12403 | D:10     | Noticed a two-headed ogre
 12415 | D:10     | Killed a two-headed ogre
 12511 | D:10     | Noticed Fannar
 12583 | D:10     | Found a staircase to the Lair.
 12772 | D:10     | Noticed a two-headed ogre
 12992 | D:10     | Killed Fannar
 13088 | D:10     | Killed a two-headed ogre
 13584 | D:11     | Noticed Jessica
 13594 | D:11     | Killed Jessica
 14538 | D:12     | Noticed a cyclops
 14673 | Orc:1    | Entered Level 1 of the Orcish Mines
 14673 | Orc:1    | Found Hocyozuu's Book Emporium.
 14673 | Orc:1    | Noticed an orc sorcerer
 14679 | Orc:1    | Killed an orc sorcerer
 14729 | Orc:1    | Found a transporter.
 14735 | Orc:1    | Noticed Araneus's ghost (journeyman DsFi)
 14737 | Orc:1    | Noticed a moth of wrath
 14946 | Orc:1    | Learned a level 4 spell: Sticky Flame
 14997 | Orc:1    | Found Cafim's Weapon Boutique.
 14998 | Orc:1    | Noticed an orc knight
 14998 | Orc:1    | Noticed an orc high priest
 14998 | Orc:1    | Noticed a deep troll
 15033 | Orc:1    | Killed a deep troll
 15114 | Orc:1    | Noticed a two-headed ogre
 15143 | Orc:1    | Killed a two-headed ogre
 15144 | Orc:1    | Reached XP level 11. HP: 54/89 MP: 19/20
 15206 | Orc:1    | Killed an orc knight
 15455 | Orc:1    | Killed an orc high priest
 15485 | Orc:1    | Found a transporter.
 15522 | Orc:1    | Found Alluid's Magic Scroll Emporium.
 15534 | Orc:1    | Bought a scroll of magic mapping for 56 gold pieces
 15544 | Orc:1    | Noticed an orc high priest
 15551 | Orc:1    | Killed an orc high priest
 15750 | Orc:1    | Noticed an orc knight
 15770 | Orc:1    | Killed an orc knight
 15954 | Orc:2    | Entered Level 2 of the Orcish Mines
 15954 | Orc:2    | Noticed an orc high priest
 15955 | Orc:2    | Noticed an orc high priest
 15956 | Orc:2    | Noticed an orc warlord
 15957 | Orc:2    | Noticed an orc knight
 15957 | Orc:2    | Noticed an orc high priest
 15960 | Orc:2    | Noticed a soul eater
 16170 | Orc:2    | Noticed a two-headed ogre
 16170 | Orc:2    | Noticed a two-headed ogre
 16177 | Orc:1    | Noticed a soul eater
 16204 | Orc:1    | Killed an orc high priest
 16305 | Orc:2    | Found Kiub's Antique Weapon Shoppe.
 16389 | Orc:2    | Noticed an ogre mage
 16482 | Lair:1   | Entered Level 1 of the Lair of Beasts
 16649 | Lair:1   | Noticed a boulder beetle
 16664 | Lair:1   | Killed a boulder beetle
 16999 | Lair:1   | Learned a level 5 spell: Fireball
 17385 | Lair:2   | Noticed a seven-headed hydra
 17392 | Lair:2   | Killed a seven-headed hydra
 17393 | Lair:2   | Reached skill level 5 in Spellcasting
 18303 | Lair:2   | Found a hole to the Spider Nest.
 18315 | Lair:2   | Found a transporter.
 18317 | Lair:2   | Found a transporter.
 18317 | Lair:2   | Noticed a boulder beetle
 18580 | Lair:2   | Noticed a boulder beetle
 19219 | Lair:3   | Found a staircase to the Shoals.
 19247 | Lair:3   | Reached skill level 10 in Conjurations
 19247 | Lair:3   | Reached skill level 10 in Fire Magic
 19356 | Lair:3   | Reached XP level 12. HP: 87/96 MP: 21/24
 19777 | Lair:3   | Noticed a six-headed hydra
 19788 | Lair:3   | Killed a six-headed hydra
 20207 | Lair:4   | Learned a level 2 spell: Sublimation of Blood
 20285 | Lair:4   | Noticed an eight-headed hydra
 20292 | Lair:4   | Killed an eight-headed hydra
 20293 | Lair:4   | Reached skill level 1 in Transmutations
 20818 | Lair:4   | Noticed a five-headed hydra
 20821 | Lair:4   | Killed a five-headed hydra
 20838 | Lair:4   | Learned a level 5 spell: Irradiate
 21060 | Lair:4   | Noticed a seven-headed hydra
 21065 | Lair:4   | Killed a seven-headed hydra
 21256 | Lair:4   | Acquired 1024 gold pieces
 21406 | Lair:5   | Found a staircase to the Slime Pits.
 21453 | Lair:5   | Noticed a catoblepas
 21467 | Lair:5   | Killed a catoblepas
 22019 | Lair:6   | Entered Level 6 of the Lair of Beasts
 22019 | Lair:6   | Noticed a boulder beetle
 22057 | Lair:6   | Noticed a seven-headed hydra
 22058 | Lair:6   | Noticed a boulder beetle
 22062 | Lair:6   | Killed a seven-headed hydra
 22063 | Lair:6   | Reached skill level 1 in Necromancy
 22372 | Lair:6   | Killed a boulder beetle
 22373 | Lair:6   | Reached skill level 5 in Transmutations
 23508 | Orc:1    | Killed an ogre mage
 23517 | Orc:1    | Reached skill level 1 in Shields
 23742 | Orc:2    | Reached XP level 13. HP: 102/102 MP: 28/30
 23819 | Orc:2    | Killed an orc warlord
 23971 | Orc:2    | Found a staircase to the Elven Halls.
 24355 | Orc:2    | Found Nifog's Antique Armour Boutique.
 24390 | Orc:2    | Found Viehas's Distillery.
 24398 | Orc:2    | Bought a potion of heal wounds for 80 gold pieces
 24398 | Orc:2    | Bought a potion of cancellation for 128 gold pieces
 24423 | Orc:2    | Found Adouc's Book Shoppe.
 24423 | Orc:2    | Found Kimythrax's General Store.
 24447 | Orc:2    | Bought a scroll of teleportation for 42 gold pieces
 24447 | Orc:2    | Bought a potion of heal wounds for 70 gold pieces
 24447 | Orc:2    | Bought a scroll of identify for 28 gold pieces
 24447 | Orc:2    | Bought a potion of cancellation for 112 gold pieces
 24797 | Orc:2    | Bought a faintly humming robe for 148 gold pieces
 24797 | Orc:2    | Identified the +2 robe "Minurywk" {Harm Dex+3} (You bought
                  | it in a shop on level 2 of the Orcish Mines)
 24843 | Orc:2    | Bought a potion of cancellation for 128 gold pieces
 24843 | Orc:2    | Bought a potion of mutation for 128 gold pieces
 24843 | Orc:2    | Bought a potion of haste for 160 gold pieces
 24843 | Orc:2    | Bought a potion of curing for 48 gold pieces
 24843 | Orc:2    | Bought a potion of brilliance for 64 gold pieces
 24894 | Orc:1    | Bought a scroll of identify for 32 gold pieces
 24897 | Orc:1    | Bought a scroll of teleportation for 48 gold pieces
 25003 | Orc:1    | Bought a book of Unlife for 504 gold pieces
 25054 | Orc:1    | Reached skill level 5 in Necromancy
 25251 | Orc:1    | Killed Araneus's ghost
 25253 | Orc:1    | Identified the amulet of Coluoff {Acrobat Fly rN+}
 25256 | Orc:1    | Gained mutation: Armour fits poorly on your strangely
                  | shaped body. [mutagenic glow]
 25262 | Orc:1    | Identified the +5 mace "Giuryss Leeff" {flame, rPois rF-
                  | Dex+2}
 25716 | D:12     | Reached skill level 1 in Earth Magic
 27375 | D:14     | Reached XP level 14. HP: 114/114 MP: 8/32
 27383 | D:14     | Got the Incunabulum of Plaster Cramp
 27390 | D:14     | Got the Almanac of Dhcmrlchtdj
 27772 | D:13     | Reached skill level 5 in Earth Magic
 27786 | D:13     | Gained mutation: Your body sometimes deteriorates upon
                  | taking damage. [mutagenic glow]
 27797 | D:13     | Gained mutation: You are clumsy. (Dex -2) [mutagenic glow]
 27941 | D:13     | Found a gate to the Vaults.
 28382 | D:14     | Got Ts'ui Pên's Almanac of Forking Paths
 28672 | D:14     | Reached skill level 10 in Spellcasting
 28682 | D:14     | Learned a level 5 spell: Borgnjor's Vile Clutch
 28774 | D:14     | Gained mutation: You sometimes lose the ability to read
                  | scrolls when taking damage. [mutagenic glow]
 28798 | D:14     | Lost mutation: You are clumsy. (Dex -2) [potion of
                  | mutation]
 28798 | D:14     | Lost mutation: Your body sometimes deteriorates upon taking
                  | damage. [potion of mutation]
 28798 | D:14     | Lost mutation: You sometimes lose the ability to read
                  | scrolls when taking damage. [potion of mutation]
 28798 | D:14     | Gained mutation: You possess an exceptional clarity of
                  | mind. [potion of mutation]
 28798 | D:14     | Gained mutation: You have a pair of small horns on your
                  | head. [potion of mutation]
 29046 | D:14     | Noticed Kirke
 29052 | D:14     | Killed Kirke
 29394 | D:15     | Entered Level 15 of the Dungeon
 29637 | D:15     | Found a staircase to the Depths.
 31714 | D:15     | Reached skill level 10 in Earth Magic
 31722 | D:15     | Reached XP level 15. HP: 121/121 MP: 18/33
 31975 | Depths:1 | Entered Level 1 of the Depths
 33405 | Lair:6   | Found a large runed translucent door.
 33619 | Lair:6   | Reached skill level 10 in Fighting
 33901 | Lair:6   | Found a large runed translucent door.
 34522 | Spider:1 | Entered Level 1 of the Spider Nest
 34621 | Spider:1 | Learned a level 3 spell: Stone Arrow
 34741 | Spider:1 | Got Iloerig's Advanced Guide to Secret Knowledge
 36106 | Spider:2 | Reached skill level 10 in Necromancy
 37099 | Spider:3 | Noticed Agnes
 37105 | Spider:2 | Killed Agnes
 37413 | Spider:4 | Entered Level 4 of the Spider Nest
 37460 | Spider:3 | Reached XP level 16. HP: 118/134 MP: 24/35
 38019 | Spider:3 | Noticed Arachne
 38081 | Spider:3 | Killed Arachne
 41556 | Spider:4 | Reached XP level 17. HP: 140/140 MP: 14/38
 41563 | Spider:4 | Got a gossamer rune of Zot
 41808 | Spider:4 | Paralysed by a hornet for 3 turns
 42073 | Shoals:1 | Entered Level 1 of the Shoals
 42131 | Shoals:1 | Found a flickering gateway to a bazaar.
 42147 | Bazaar   | Entered a bazaar
 42151 | Bazaar   | Found Lakhapec's Jewellery Boutique.
 42170 | Bazaar   | Found Ozxeedaps's Antique Armour Emporium.
 42188 | Bazaar   | Found Idghik's Book Boutique.
 42208 | Bazaar   | Found Radal's Antique Weapon Shoppe.
 42233 | Bazaar   | Bought an amulet of regeneration for 270 gold pieces
 42288 | Bazaar   | Bought a book of Touch for 338 gold pieces
 42288 | Bazaar   | Bought a book of Stone for 468 gold pieces
 42449 | Shoals:1 | Learned a level 5 spell: Bolt of Magma
 43186 | Shoals:2 | Found Piexapp's Magic Scroll Shop.
 43199 | Shoals:2 | Bought a scroll of teleportation for 42 gold pieces
 43199 | Shoals:2 | Bought a scroll of teleportation for 42 gold pieces
 43199 | Shoals:2 | Bought a scroll of fog for 28 gold pieces
 43199 | Shoals:2 | Bought a scroll of magic mapping for 49 gold pieces
 43199 | Shoals:2 | Bought a scroll of amnesia for 49 gold pieces
 45431 | Shoals:4 | Entered Level 4 of the Shoals
 45431 | Shoals:4 | Found Aqiptyc's Antique Weapon Shoppe.
 45654 | Shoals:4 | Found Veep's Distillery.
 45750 | Shoals:4 | Found Kaudick's Assorted Antiques.
 45762 | Shoals:4 | Bought a sedimented sapphire potion for 30 gold pieces
 45875 | Shoals:4 | Found Eczin's Antique Armour Shop.
 45883 | Shoals:4 | Bought a pair of runed gloves for 247 gold pieces
 46054 | Shoals:4 | Noticed Nikola
 46144 | Shoals:4 | Killed Nikola
 46181 | Shoals:4 | Identified the +0 leather armour "Betuvoym" {Fly rElec
                  | Str+4}
 46449 | Shoals:4 | Noticed Roxanne
 46739 | Shoals:4 | Noticed Aizul
 46744 | Shoals:4 | Killed Aizul
 46748 | Shoals:4 | Noticed Mara
 47086 | Shoals:4 | Got a barnacled rune of Zot
 47138 | Shoals:4 | Killed Mara
 47333 | Shoals:4 | Bought a potion of invisibility for 104 gold pieces
 47333 | Shoals:4 | Bought a potion of invisibility for 104 gold pieces
 47476 | Shoals:4 | Killed Roxanne
 48180 | Elf:1    | Entered Level 1 of the Elven Halls
 48960 | Elf:1    | Got the Compendium of Black Arts
 49068 | Elf:1    | Paralysed by an air elemental for 1 turns
 49600 | D:15     | Reached XP level 18. HP: 103/149 MP: 33/39
 49757 | Depths:1 | HP: 7/149 [sphinx zombie[a necromancer] (1)]
 49875 | Depths:1 | Noticed Bai Suzhen
 49918 | Depths:1 | Killed Bai Suzhen
 49931 | Depths:1 | HP: 6/149 [quicksilver dragon/bolt of dispelling energy
                  | (50)]
 51135 | Depths:1 | Found Emazo's Jewellery Shop.
 51246 | Depths:1 | Noticed the Enchantress
 51525 | Depths:1 | Identified the +1 pair of boots "Ydupsiuc" {rN+}
 51645 | Depths:1 | Demolished by a white very ugly thing

Illustrated notes

Levels and vault maps discovered:
D:1:      doesnt_arrival_eight_statues, layout_loops_ring
D:2:      layout_rooms, shapermc_ecumenical_altar_hornbeckon, uniq_natasha
D:3:      layout_rooms
D:4:      layout_rooms, serial_shops, shop, uniq_grinder, uniq_blork_the_orc
D:5:      layout_rooms, elyvilon_altar_1, serial_rivers,
          chequers_serial_rivers_small_b, chequers_serial_rivers_room_b,
          chequers_serial_rivers_room_b, chequers_serial_rivers_micro_a,
          lemuel_flame_loot_1
D:6:      layout_loops_ring, bloody_makhleb, minmay_temple_entry_ruins,
          nicolae_ossuary_entry_false_entrances, hangedman_decor_push,
          minmay_holes
D:7:      layout_cave_pods, mainiacjoe_overflow_catwalk_spiral,
          kennysheep_generic_room_15, uniq_harold
D:8:      layout_loops_ring
D:9:      layout_rooms, orc_0_dummy, enter_bailey_5, uniq_pikel
D:10:     layout_loops_cross, lair_entry_dummy, uniq_fannar
D:11:     layout_grid_maze, nemelex_lonely_heart_becter
D:12:     minmay_curly_fans, layout_basic
D:13:     layout_gridville, david_vaults_2, special_room [special_room_bee],
          grunt_ministairs_6
D:14:     layout_loops_corners, chequers_arboretum, bh_hangedman_babel_library,
          uniq_kirke
D:15:     grunt_enter_depths_giant_problem, layout_basic,
          palyth_stone_intersect, special_room [special_room_mythical_zoo]
Lair:1:   layout_roguey, st_stairs_10, infiniplex_staircase_pool_2,
          grunt_megastairs_2
Lair:2:   gammafunk_boulding_lane, layout_layer_cave, spider_nest_entry_webs,
          grunt_megastairs_5
Lair:3:   layout_cave_pods, shoals_dummy_entry
Lair:4:   layout_gridlike, lemuel_fruit_tree
Lair:5:   layout_roguey, dpeg_slime_entry_enclosed_altar,
          infiniplex_staircase_pool
Lair:6:   cheibrodos_lair_end_hotspot, layout_long_grid, bobbens_ice_dragon_lair
Shoals:1: layout_shoals, serial_shops, bzr_entry_gold
Shoals:2: layout_shoals, serial_shops, shop
Shoals:3: layout_shoals
Shoals:4: shoals_end_grunt_ice, layout_shoals, serial_shops, shop, shop,
          nicolae_shop_crystal, shop, uniq_nikola, uniq_mara, uniq_aizul,
          uniq_roxanne
Spider:1: layout_spider_delve, hangedman_spider_tarantella_strand
Spider:2: cheibrodos_spider_silkery, einodemon_crawler_minivault
Spider:3: hangedman_creepy_crawlies, uniq_arachne, uniq_agnes
Spider:4: grunt_spider_rune_island, nicolae_spider_checkerboard
Orc:1:    layout_caves, serial_shops, shop, gammafunk_ghost_berserking_beasts,
          nicolae_orc_sculptors_studio, guppyfry_orc_lava_fort
Orc:2:    grunt_orc_gardens, layout_caves, grunt_orc_garden, grunt_orc_garden,
          grunt_orc_garden, grunt_orc_garden, serial_shops, nicolae_square_shop
Elf:1:    minmay_elf_arrival_summoners, layout_loops_cross,
          minmay_elf_necromancy
Depths:1: lemuel_castle_with_subvaults [lemuel_castle_interior_carwin_1],
          layout_cave_pools, serial_shops, shop, hell_entry,
          serial_sigils_hangedman_carve, nicolae_wu_jian_wuxing_cycle,
          uniq_enchantress, uniq_bai_suzhen

Skill      XL: |  1  2  3  4  5  6  7  8  9 10 11 12 13 14 15 16 17 18 |
---------------+-------------------------------------------------------+-----
Spellcasting   | 2 3 4 5 8 9 10 11 12 | 12.0
Stealth        | 2 |  2.0
Summonings     | 4 5 6 7 |  7.0
Air Magic      | 1 4 6 7 |  7.0
Fighting       | 1 4 6 7 8 10 11 | 11.6
Conjurations   | 1 4 7 10 12 14 | 14.9
Fire Magic     | 1 4 7 10 | 10.0
Transmutations | 5 6 8 |  8.0
Necromancy     | 3 6 8 10 | 10.0
Shields        | 1 4 |  4.0
Earth Magic    | 4 10 12 14 | 14.9
Dodging        | |  1.7

Action                   |  1- 3 |  4- 6 |  7- 9 | 10-12 | 13-15 | 16-18 || total
-------------------------+-------+-------+-------+-------+-------+-------++-------
Melee: Unarmed           |    21 |       |       |       |       |       ||    21
       Dagger            |    78 |       |       |       |       |       ||    78
       Long sword        |       |     2 |       |       |       |       ||     2
       Whip              |       |       |   262 |   485 |    55 |    53 ||   855
       Trident           |       |       |    14 |       |       |       ||    14
       Glaive            |       |       |     3 |    18 |       |       ||    21
       Headbutt          |       |       |       |       |     8 |    14 ||    22
 Fire: Hunting sling     |    24 |    50 |    66 |       |       |       ||   140
Throw: Boomerang         |       |       |    44 |    59 |       |       ||   103
       Javelin           |       |       |       |    35 |    11 |     5 ||    51
       Throwing net      |       |       |       |     2 |       |       ||     2
 Cast: Summon Small Mamm |    52 |    24 |    17 |     2 |       |       ||    95
       Call Imp          |    10 |    27 |    21 |     6 |       |       ||    64
       Call Canine Famil |       |     3 |    29 |    46 |    10 |       ||    88
       Summon Lightning  |       |       |    30 |   114 |    43 |    25 ||   212
       Fireball          |       |       |       |    61 |   219 |   119 ||   399
       Sticky Flame      |       |       |       |     5 |       |       ||     5
       Irradiate         |       |       |       |     4 |   157 |    50 ||   211
       Sublimation of Bl |       |       |       |     3 |   141 |   146 ||   290
       Borgnjor's Vile C |       |       |       |       |   140 |   367 ||   507
       Stone Arrow       |       |       |       |       |       |   155 ||   155
       Bolt of Magma     |       |       |       |       |       |    51 ||    51
Evoke: Wand              |       |       |    15 |    13 |       |    12 ||    40
  Use: Scroll            |       |       |    10 |    17 |     5 |     7 ||    39
       Potion            |       |       |     4 |     3 |     1 |    19 ||    27
 Stab: Sleeping          |     7 |       |     1 |       |       |       ||     8
       Distracted        |     1 |       |    10 |    14 |     1 |     1 ||    27
       Paralysed         |       |       |       |     4 |       |       ||     4
Armor: Robe              |    24 |     2 |    60 |       |       |    12 ||    98
       Troll leather arm |       |       |    43 |   223 |    24 |    43 ||   333
Dodge: Dodged            |    82 |    19 |   322 |   485 |   239 |   233 ||  1380
Block: Buckler           |       |       |       |       |    67 |    84 ||   151
       Rpst.: Long sword |       |     1 |       |       |       |       ||     1
